 Dungeon Crawl Stone Soup version 0.24.0-13-gcf9b319 (webtiles) character file.

Game seed: 7982517709657907690, levelgen mode: deterministic

319 Fang the Skirmisher (level 6, -7/40 HPs)
             Began as a Gargoyle Fighter on Jan 3, 2020.
             Mangled by Sigmund
             ... wielding a +0 scythe
              (8 damage)
             ... on level 4 of the Dungeon.
             The game lasted 00:03:25 (3111 turns).

Fang the Skirmisher (Gargoyle Fighter)              Turns: 3111, Time: 00:03:26

Health: -7/40      AC: 11    Str: 30    XL:     6   Next: 45%
Magic:  6/6        EV:  8    Int:  8    God:
Gold:   213        SH: 10    Dex:  9    Spells: 5/5 levels left

rFire    + . .     SeeInvis .   a - +0 war axe
rCold    + . .     Gourm    .   B - +0 shield
rNeg     + . .     Faith    .   b - +0 scale mail
rPois    ∞         Spirit   .   (no helmet)
rElec    +         Reflect  .   q - scarf {rC+ rF+}
rCorr    .         Harm     .   (no gloves)
MR       .....                  (no boots)
Stlth    ..........             (no amulet)
HPRegen  0.13/turn              f - +3 ring of strength
MPRegen  0.10/turn              (no ring)

@: mighty
A: negative energy resistance 1, electricity resistance, unbreathing,
petrification resistance, rot immunity, AC +4
a: no special abilities


You were on level 4 of the Dungeon.
You were not hungry.

You visited 1 branch of the dungeon, and saw 4 of its levels.

You collected 213 gold pieces.

Inventory:

Hand Weapons
 a - a +0 war axe (weapon)
Armour
 b - a +0 scale mail (worn)
 q - a scarf of resistance (worn)
 B - a +0 shield (worn)
Jewellery
 f - a +3 ring of strength (left hand)
Wands
 r - a wand of iceblast (7)
Scrolls
 e - 4 scrolls of teleportation
 h - a scroll of remove curse
 n - a scroll of magic mapping
 p - 2 scrolls of immolation {unknown}
Potions
 g - a potion of haste
 i - 2 potions of flight {unknown}
 j - a potion of invisibility {unknown}
 k - a potion of brilliance
 l - a potion of mutation
 m - a potion of lignification {unknown}
 o - 2 potions of resistance
 t - a potion of magic {unknown}
Comestibles
 c - 7 rations


   Skills:
 + Level 4.8 Fighting
 + Level 3.3 Axes
 + Level 4.7 Armour
 + Level 4.7 Shields


You had 5 spell levels left.
You didn't know any spells.
Your spell library was empty.

Dungeon Overview and Level Annotations

Branches:
Dungeon (4/15)
 Temple: D:4-7

Altars:
Gozag

Annotations:
D:4 Sigmund


Innate Abilities, Weirdness & Mutations

You are resistant to torment.
Your stone body is resilient. (AC +4)
You are immune to poison.
You resist negative energy. (rN+)
You are resistant to electric shocks. (rElec)
You can survive without breathing.
You are immune to petrification.
You are immune to rotting.


Message History

Deactivating autopickup; reactivate with Ctrl-A.
You slash something!
Okay, then.
You feel very mighty all of a sudden. Something hits you but does no damage.
You closely miss something. Something hits you but does no damage.
You closely miss something.
You hear some strange, mumbled words.
A puff of flame appears from out of thin air!
The puff of flame hits you. You resist.
* * * LOW HITPOINT WARNING * * *
You closely miss something. Something hits you.
* * * LOW HITPOINT WARNING * * *
You barely miss something. Something hits you!
* * * LOW HITPOINT WARNING * * *
You miss something. Something hits you but does no damage.
You barely miss something. Something hits you but does no damage.
You miss something. Something hits you but does no damage.
You closely miss something. Something hits you!
You die...

##.# #...# #.#.##.# ...##
#...# #.#.##.#
....##########**#######.#.##.#
..............,,,..#......##.#
....##########***#.#......##.#
....# ########.#......##.#
....# #......#..#...#.##?#
.#.## #####...).........#.##.#
##.# #.........@{#.....#.##.#
#.#
#.................#.##.####
##.#
#......####.##....#.##.....
...#
#......,,,......###,*######
#### #......,,,...##..#*,* #
#/.....,,.....*#.#*,* #
##.....,,.....#*.#*,*
##########...,,,,...#*,,*,*
......# **********,***,*,*


There were no monsters in sight!

Vanquished Creatures
  Ijyb (D:4)
  Natasha (D:3)
  3 worker ants (D:4)
  2 hound skeletons (D:4)
  6 adders
  A gnoll (D:1)
  3 oozes
  4 worms
  3 leopard geckos
  9 orcs
  2 giant cockroaches
  9 goblins
  13 hobgoblins
  4 jackals (D:3)
  7 kobolds
  A quokka (D:2)
  A ball python (D:4)
  8 bats
  2 frilled lizards
  4 rats
  3 toadstools (D:1)
87 creatures vanquished.

Vanquished Creatures (others)
  A toadstool (D:1)
1 creature vanquished.

Grand Total: 88 creatures vanquished

Notes
Turn   | Place    | Note
-------+----------+-------------------------------------------
     0 | D:1      | Fang the Gargoyle Fighter began the quest for the Orb.
     0 | D:1      | Reached XP level 1. HP: 14/14 MP: 1/1
   110 | D:1      | Reached XP level 2. HP: 3/19 MP: 2/2
   628 | D:1      | Reached XP level 3. HP: 23/24 MP: 3/3
  1160 | D:2      | Found an opulent altar of Gozag.
  1250 | D:2      | You fall into a shaft and drop 1 floor!
  1262 | D:3      | Reached XP level 4. HP: 23/29 MP: 4/4
  1752 | D:3      | Noticed Natasha
  1766 | D:3      | Killed Natasha
  1766 | D:3      | Reached XP level 5. HP: 19/33 MP: 5/5
  2728 | D:4      | Reached XP level 6. HP: 35/39 MP: 6/6
  3061 | D:4      | Noticed Ijyb
  3073 | D:4      | Killed Ijyb
  3093 | D:4      | Noticed Sigmund
  3107 | D:4      | HP: 1/40 [something (7)]
  3111 | D:4      | Mangled by Sigmund

Levels and vault maps discovered:
D:1:      ldierk_water_garden, layout_basic, minmay_misc_feat_cross,
          grunt_decor_fettered, chequers_serial_rivers_micro_a
D:2:      layout_basic, nicolae_gozag_cash_rules_everything_around_me
D:3:      layout_basic, first_ration, kennysheep_minor_cross, solitary_fountain,
          chequers_serial_rivers_micro_a, uniq_natasha
D:4:      layout_basic, uniq_sigmund, uniq_ijyb

Skill      XL: |  1  2  3  4  5 |
---------------+----------------+-----
Axes           | 2 3 |  3.3
Fighting       | 4 |  4.8
Armour         | 4 |  4.7
Shields        | 4 |  4.7

Action                   |  1- 3 |  4- 6 || total
-------------------------+-------+-------++-------
Melee: War axe           |    87 |   208 ||   295
  Use: Scroll            |       |     8 ||     8
       Potion            |       |     1 ||     1
 Stab: Distracted        |       |     1 ||     1
  Eat: Chunk             |     1 |     7 ||     8
Armor: Scale mail        |    52 |   109 ||   161
Dodge: Dodged            |    37 |    58 ||    95
Block: Shield            |    64 |   117 ||   181
